 Dungeon Crawl Stone Soup version 0.21.0 (webtiles) character file.

3100 bombasticus the Skirmisher (level 9, -7/56 HPs)
             Began as a Gargoyle Berserker on Jan 19, 2018.
             Was an Elder of Trog.
             Mangled by MatthieuS's ghost (9 damage)
             ... on level 8 of the Dungeon.
             The game lasted 00:34:28 (7136 turns).

bombasticus the Skirmisher (Gargoyle Berserker)     Turns: 7136, Time: 00:34:28

Health: -7/56      AC: 17    Str: 24    XL:     9   Next: 90%
Magic:  9/9        EV: 11    Int:  8    God:    Trog [****..]
Gold:   347        SH:  9    Dex:  9    Spells: 8/8 levels left

rFire    + . .     SeeInvis .   N - +2 flail (drain)
rCold    . . .     Gourm    .   Q - +0 shield (curse)
rNeg     + . .     Faith    .   j - +0 chain mail
rPois    ∞         Spirit   .   (no helmet)
rElec    +         Reflect  .   K - +0 cloak
rCorr    .         Harm     .   (no gloves)
MR       .....                  (no boots)
Stlth    ..........             (no amulet)
HPRegen  0.18/turn              e - ring of protection from fire
MPRegen  0.11/turn              f - +4 ring of evasion

@: starving
A: negative energy resistance 1, electricity resistance, unbreathing,
petrification resistance, rot immunity, AC +6
a: Berserk, Trog's Hand, Brothers in Arms, Burn Spellbooks, Renounce Religion


You were on level 8 of the Dungeon.
You worshipped Trog.
Trog was greatly pleased with you.
You were starving.

You visited 1 branch of the dungeon, and saw 8 of its levels.
You also visited: Sewer.

You collected 347 gold pieces.

Inventory:

Hand Weapons
 n - a +0 mace
 p - a +0 hunting sling of freezing
 q - a +0 hand axe
 t - a +2 quarterstaff of chaos
 y - a +4 dagger
 A - a +2 halberd of venom
 E - a cursed -2 dagger
 F - a +1 mace of crushing
 G - a +1 antimagic spear
 J - a cursed +0 war axe
 M - a +0 shortbow
 N - a +2 flail of draining (weapon)
 O - a +0 whip of flaming
 P - a +1 antimagic spear
 S - a +3 dire flail
 T - a +4 halberd of freezing
Missiles
 D - 139 stones (quivered)
Armour
 j - a +0 chain mail (worn)
 K - a +0 cloak (worn)
 Q - a cursed +0 shield (worn)
Jewellery
 e - a ring of protection from fire (left hand)
 f - a +4 ring of evasion (right hand)
Wands
 B - a wand of iceblast (11)
 L - a wand of clouds (5)
Scrolls
 a - a scroll of acquirement {unknown}
 d - 8 scrolls of magic mapping {unknown}
 g - 4 scrolls of remove curse {unknown}
 i - 6 scrolls of fog {unknown}
 l - a scroll of amnesia {unknown}
 m - 14 scrolls of identify {unknown}
 r - 9 scrolls of teleportation {unknown}
 u - 4 scrolls of blinking {unknown}
 z - a scroll of enchant armour {unknown}
 C - a scroll of immolation {unknown}
Potions
 b - 2 potions of flight {unknown}
 h - 2 potions of lignification {unknown}
 k - 2 potions of curing {unknown}
 o - 3 potions of agility {unknown}
 s - 2 potions of degeneration {unknown}
 v - 3 potions of ambrosia {unknown}
 w - a potion of heal wounds {unknown}
 x - 3 potions of might
 H - 3 potions of brilliance {unknown}
 I - a potion of magic {unknown}
Comestibles
 c - 17 rations
 R - 4 chunks of flesh


   Skills:
 + Level 6.3 Fighting
   Level 6.2 Long Blades
 + Level 3.6 Maces & Flails
 + Level 5.4 Polearms
 + Level 1.7(2.7) Slings
 + Level 3.2(3.5) Throwing
 + Level 5.9 Armour
 + Level 3.2 Dodging
 + Level 1.3 Stealth
 + Level 2.3 Shields


You had 8 spell levels left.
You didn't know any spells.

Dungeon Overview and Level Annotations

Branches:
Dungeon (8/15)             Temple (0/1) D:5
   Lair: D:8-11

Altars:
Ashenzari
Cheibriados
Makhleb

Annotations:
D:8 MatthieuS's ghost, novice HuTm


Innate Abilities, Weirdness & Mutations

You are resistant to torment.
Your stone body is resilient. (AC +6)
You are immune to poison.
You resist negative energy. (rN+)
You are resistant to electric shocks. (rElec)
You can survive without breathing.
You are immune to petrification.
You are immune to rotting.


Message History

MatthieuS's ghost hits you!
* * * LOW HITPOINT WARNING * * *
Your shield prevents you from hitting MatthieuS's ghost.
MatthieuS's ghost is lightly damaged.
MatthieuS's ghost hits you but does no damage.
MatthieuS's ghost hits you!
* * * LOW HITPOINT WARNING * * *
You closely miss MatthieuS's ghost.
MatthieuS's ghost is lightly damaged.
MatthieuS's ghost ripples.
MatthieuS's ghost hits you.
* * * LOW HITPOINT WARNING * * *
You completely miss MatthieuS's ghost.
MatthieuS's ghost is lightly damaged.
MatthieuS's ghost hits you.
* * * LOW HITPOINT WARNING * * *
You miss MatthieuS's ghost.
MatthieuS's ghost is lightly damaged.
MatthieuS's ghost hits you!
You die...

###.....###
......... .......
.###. #_# #'#
######W########
#......@.......
######.####.......##
#......# #.......#
##...### #..(....#
###..#####......[#
##.##).........# #
#.....###......# .##
##.....# #......#
...####.....##
......#


You could see MatthieuS's ghost.

Vanquished Creatures
  The ghost of OvaltineJones the Cudgeler, a novice GrMo (D:5)
  Eustachio (D:4)
  A spriggan (D:7)
  A hungry ghost (D:8)
  Edmund (D:6)
  An orc warrior (D:7)
  A sky beast (D:5)
  An ogre (D:4)
  A centaur (D:7)
  Blork the orc (D:4)
  2 gnoll sergeants (D:6)
  2 bullfrogs
  A scorpion (D:4)
  3 wights (D:8)
  3 howler monkeys (D:7)
  A crimson imp (D:6)
  A quasit (D:6)
  7 orc wizards
  2 hounds
  3 jellies
  3 orc priests
  Crazy Yiuf (D:5)
  A centaur skeleton (D:7)
  Jessica (D:2)
  Ijyb (D:4)
  Terence (D:2)
  3 iguanas
  Natasha (thrice) (D:3)
  3 worker ants
  18 gnolls
  16 adders
  4 river rats
  2 shadow imps
  2 adder zombies
  3 adder skeletons (D:4)
  4 worms
  A dart slug (D:2)
  7 leopard geckos
  18 orcs
  15 bats
  5 giant cockroaches
  13 hobgoblins
  8 jackals
  3 kobolds
  5 quokkas
  9 ball pythons
  8 frilled lizards
  5 goblins
  A leopard gecko zombie (D:6)
  A quokka skeleton (D:7)
  12 rats
212 creatures vanquished.

Vanquished Creatures (others)
  An orc (D:4)
1 creature vanquished.

Grand Total: 213 creatures vanquished

Notes
Turn   | Place    | Note
-------+----------+-------------------------------------------
     0 | D:1      | bombasticus the Gargoyle Berserker began the quest for the Orb.
     0 | D:1      | Reached XP level 1. HP: 14/14 MP: 1/1
    75 | D:1      | Reached XP level 2. HP: 19/19 MP: 2/2
   740 | D:2      | Reached XP level 3. HP: 15/24 MP: 3/3
  1077 | D:2      | Reached ** piety under Trog
  1154 | D:2      | Reached XP level 4. HP: 18/29 MP: 4/4
  1193 | D:2      | Noticed Jessica
  1210 | D:2      | Killed Jessica
  1424 | D:2      | Noticed Terence
  1439 | D:2      | Killed Terence
  1439 | D:2      | Reached XP level 5. HP: 27/33 MP: 5/5
  1757 | D:3      | Noticed Natasha
  1769 | D:3      | Killed Natasha
  1847 | D:3      | Noticed Natasha
  1858 | D:3      | Killed Natasha
  1858 | D:3      | Reached XP level 6. HP: 34/39 MP: 6/6
  1941 | D:3      | Found a burning altar of Makhleb.
  1941 | D:3      | Found a snail-covered altar of Cheibriados.
  1942 | D:3      | Noticed Natasha
  1956 | D:3      | Killed Natasha
  2418 | D:4      | Noticed Eustachio
  2426 | D:4      | Killed Eustachio
  2426 | D:4      | Reached skill level 5 in Long Blades
  2426 | D:4      | Reached XP level 7. HP: 44/44 MP: 7/7
  2558 | D:4      | Reached *** piety under Trog
  2630 | D:4      | Reached skill level 5 in Fighting
  2941 | D:4      | Noticed Blork the orc
  2964 | D:4      | Killed Blork the orc
  2964 | D:4      | Reached skill level 1 in Stealth
  3375 | D:4      | Reached skill level 1 in Polearms
  3503 | D:4      | Noticed Ijyb
  3519 | D:4      | Killed Ijyb
  3519 | D:4      | Reached skill level 1 in Throwing
  3656 | D:5      | Entered Level 5 of the Dungeon
  3660 | D:5      | Noticed OvaltineJones's ghost (novice GrMo)
  3668 | D:5      | Killed OvaltineJones's ghost
  3668 | D:5      | Reached XP level 8. HP: 49/49 MP: 8/8
  3889 | D:5      | Found a glowing drain.
  3898 | Sewer    | Entered a sewer
  3976 | Sewer    | Reached **** piety under Trog
  4619 | D:5      | Found a staircase to the Ecumenical Temple.
  4778 | D:5      | Found a runed door.
  4782 | D:5      | Noticed Crazy Yiuf
  4791 | D:5      | Killed Crazy Yiuf
  5235 | D:6      | Reached XP level 9. HP: 34/55 MP: 9/9
  5428 | D:6      | Noticed Edmund
  5437 | D:6      | Killed Edmund
  5463 | D:6      | Reached skill level 5 in Armour
  5619 | D:6      | Reached skill level 5 in Polearms
  5725 | D:6      | Reached ***** piety under Trog
  5924 | D:7      | Reached skill level 1 in Maces & Flails
  6471 | D:7      | Received a gift from Trog
  6740 | D:7      | Reached skill level 1 in Shields
  6994 | D:8      | Reached skill level 1 in Slings
  7062 | D:8      | Noticed MatthieuS's ghost (novice HuTm)
  7063 | D:8      | Found a shattered altar of Ashenzari.
  7135 | D:8      | HP: 2/56 [MatthieuS's ghost (4)]
  7136 | D:8      | Mangled by MatthieuS's ghost

Skill      XL: |  1  2  3  4  5  6  7  8  9 |
---------------+----------------------------+-----
Long Blades    | 3 4 5 6 |  6.2
Fighting       | 4 5 6 |  6.3
Dodging        | 2 3 |  3.2
Armour         | 3 4 5 |  5.9
Stealth        | 1 |  1.3
Polearms       | 2 4 5 |  5.4
Throwing       | 2 3 |  3.2
Maces & Flails | 3 |  3.6
Shields        | 2 |  2.3
Slings         | 1 |  1.7

Action                   |  1- 3 |  4- 6 |  7- 9 || total
-------------------------+-------+-------+-------++-------
Melee: Falchion          |   103 |   155 |    74 ||   332
       Halberd           |       |       |   279 ||   279
       Flail             |       |       |   217 ||   217
       Spear             |       |       |    16 ||    16
 Fire: Hunting sling     |       |       |    37 ||    37
Throw: Tomahawk          |       |       |    45 ||    45
       Stone             |       |       |     1 ||     1
Invok: Berserk           |       |     3 |    10 ||    13
       Trog's Hand       |       |       |     3 ||     3
       Brothers in Arms  |       |       |     1 ||     1
  Eat: Chunk             |     1 |     3 |    23 ||    27
       Ration            |       |     1 |     2 ||     3
Armor: Animal skin       |    41 |    14 |       ||    55
       Chain mail        |       |    73 |   410 ||   483
Dodge: Dodged            |   112 |   126 |   496 ||   734
Block: Shield            |       |       |   118 ||   118
       Rpst.: Falchion   |    46 |    43 |    13 ||   102
